 Dungeon Crawl Stone Soup version 0.31-a0-963-ga325b2283a (webtiles) character file.

Game seed: 216086672630896995

31 BinkBink the Shooter (level 3, 0/18 HPs)
             Began as a Spriggan Hunter on Oct 24, 2023.
             Succumbed to an adder's poison
             ... on level 2 of the Dungeon.
             The game lasted 00:01:04 (832 turns).

BinkBink the Shooter (Spriggan Hunter)               Turns: 832, Time: 00:01:05

Health: 0/18       AC:  2    Str:  7    XL:     3   Next: 7%
Magic:  4/4        EV: 19    Int: 10    God:
Gold:   45         SH:  0    Dex: 20    Spells: 2/2 levels left

rFire   . . .        a - +0 shortbow
rCold   . . .        (shield currently unavailable)
rNeg    . . .        c - +0 robe
rPois   .            (helmet restricted)
rElec   .            (no cloak)
rCorr   .            (gloves unavailable)
SInv    +            (boots unavailable)
Will    +....        (no amulet)
Stlth   ++           (no ring)
HPRegen 0.23/turn    (no ring)
MPRegen 0.09/turn

%: no passive effects
@: lethally poisoned (0 -> -5), enlightened, flying, very quick
A: very small, no large weapons, unfitting armour, see invisible, speed 3
a: no special abilities


You were on level 2 of the Dungeon.
You visited 1 branch of the dungeon, and saw 2 of its levels.

You collected 45 gold pieces.

Inventory:

Hand Weapons
 a - a +0 shortbow (weapon)
Armour
 c - a +0 robe (worn)
Jewellery
 j - a +6 ring of intelligence
Scrolls
 b - a scroll of butterflies
 d - a scroll of immolation {unknown}
 f - 3 scrolls of identify {unknown}
 g - a scroll of silence {unknown}
 i - a scroll of vulnerability {unknown}
Potions
 e - a potion of cancellation
 k - a potion of degeneration {unknown}


   Skills:
 - Level 1.5 Fighting
 + Level 4.5 Ranged Weapons
 + Level 3.9 Dodging
 - Level 1.5 Stealth


You had 2 spell levels left.
You didn't know any spells.
Your spell library contained the following spells:

 Spells                   Type           Power      Damage    Failure   Level
 Sublimation of Blood     Necr           0%         N/A       50%         2
 Wereblood                Tmut           0%         N/A       50%         2
 Summon Hydra             Summ           0%         N/A       100%        7


Dungeon Overview and Level Annotations

Branches:
Dungeon (2/15)

Altars:
Qazlal


Innate Abilities, Weirdness & Mutations

You are very small and have problems with some larger weapons.
You are too small for most types of armour.
You have supernaturally acute eyesight. (SInv)
You cover ground extremely quickly. (Speed+++)


Message History

You shoot an arrow. The arrow misses the frilled lizard.
The frilled lizard closely misses you.
You shoot an arrow. The arrow hits the frilled lizard!
You kill the frilled lizard!
An adder comes into view.
You shoot an arrow. The arrow barely misses the adder.
The adder hisses angrily.
You shoot an arrow. The arrow misses the adder.
You shoot an arrow. The arrow hits the adder!
The adder is severely wounded.
You shoot an arrow. The arrow closely misses the adder.
You shoot an arrow. The arrow closely misses the adder.
The adder bites you.
You are poisoned.
The adder poisons you! The adder bites you.
You shoot an arrow. The arrow misses the adder.
You feel sick. The adder closely misses you.
You shoot an arrow. The arrow barely misses the adder.
You feel sick. The adder barely misses you. The adder completely misses you.
You shoot an arrow. The arrow misses the adder.
You feel sick.
You are no longer poisoned.
The adder bites you.
You are poisoned.
The adder poisons you!
You are too injured to fight recklessly!
Fire: a) +0 shortbow
Press: ? - help, Q - select action Shift-Dir - straight line, f/p - adder
Aim: an adder (severely wounded, 48% to hit)
You shoot an arrow. The arrow closely misses the adder.
* * * LOW HITPOINT WARNING * * *
You feel sick. The adder completely misses you. The adder bites you.
* * * LOW HITPOINT WARNING * * *
You are more poisoned.
The adder poisons you!
It was a potion of cancellation.
You feel magically purged.
* * * LOW HITPOINT WARNING * * *
You feel sick. The adder misses you.
It was a potion of enlightenment.
You feel very buoyant.
You fly up into the air.
You die...

..†.........# #........
#).......)..# #........
##....†.....# #.._.....
##..........# ##........
............###......†..
##..........##........♣
.....#.#######.......♣~~
.................S†.~~~~
##.#...#######..@....~~~
#.##....#####........~♣
#.......#..........)...
...........##########†..
####.#...### .. ###...#
. #.#.# #.#.. #.###


You could see an adder.

Vanquished Creatures
  4 endoplasms
  3 giant cockroaches
  4 goblins
  2 jackals (D:1)
  A quokka (D:2)
  A bat (D:2)
  4 frilled lizards
  6 kobolds
  5 rats
30 creatures vanquished.

Notes
Turn   | Place    | Note
-------+----------+-------------------------------------------
     0 | D:1      | BinkBink the Spriggan Hunter began the quest for the Orb.
     0 | D:1      | Reached XP level 1. HP: 10/10 MP: 2/2
   209 | D:1      | Reached XP level 2. HP: 14/14 MP: 3/3
   805 | D:2      | Found a stormy altar of Qazlal.
   811 | D:2      | Reached XP level 3. HP: 18/18 MP: 4/4
   832 | D:2      | Succumbed to an adder's poison

Illustrated notes

Levels and vault maps discovered:
D:1:      dpeg_arrival_shelter, layout_basic
D:2:      layout_rooms, basic_altar, serial_bayou_ford_a, st_stairs_6,
          minmay_ruptured

Skill      XL: |  1 |
---------------+----+-----
Dodging        | 3 |  3.9
Fighting       | |  1.5
Ranged Weapons | |  4.5
Stealth        | |  1.5

Action                     || total
---------------------------++-------
   Fire: Shortbow          ||    75
    Use: Potion            ||     2
 Armour: Robe              ||     8
  Dodge: Dodged            ||    16

Table legend: (Time is in decaauts)
 A = Elapsed time spent in this place.
 B = Non-inter-level travel time spent in this place.
 C = Inter-level travel time spent in this place.
 D = Time resting spent in this place.
 E = Time spent auto-exploring this place.
 F = Levels seen in this place.
 G = Mean time per level.
                   A        B        C        D        E       F      G
               +--------+--------+--------+--------+--------+-----+--------+
         Total |    552 |    533 |     19 |      0 |    413 |   2 |  276.0 |
       Dungeon |    552 |    533 |     19 |      0 |    413 |   2 |  276.0 |
               +--------+--------+--------+--------+--------+-----+--------+

Top non-repeatable levels by time:
     D:1: 478 daAuts
     D:2: 73 daAuts
